[Event "SixDays Budapest GM-B January 2024"]
[Site "Budapest"]
[Date "2024.01.27"]
[Round "1.1"]
[White "Varga, Zoltan"]
[Black "Grover, Sahaj"]
[Result "0-1"]
[ECO "A30"]
[WhiteElo "2366"]
[BlackElo "2503"]
[Annotator "RC"]
[PlyCount "52"]
[EventDate "2024.01.26"]
[EventType "tourn"]
[EventCountry "HUN"]
[SourceTitle "playchess.com"]
[Source "ChessBase"]
[SourceQuality "1"]
[TimeControl "5400+30"]

1. c4 c5 2. Nf3 Nc6 3. d4 cxd4 4. Nxd4 Nf6 5. g3 Qb6 6. Nb3 Ne5 7. c5 Qc6 8. Rg1 d5 9. cxd6 exd6 10. Nc3 d5 11. Bg2 Bb4 12. Qd4 Qe6 13. a3 Nc6 14. Qe3 Be7 15. Nd4 Qd7 16. Qd3 O-O 17. Bf4 Bc5 18. Nb3 Bb6 19. Nxd5 Nxd5 20. Bxd5 Rd8 21. O-O-O Qe8 22. Qf3 Bf5 23. e4 Bg6 24. Rge1 a5 25. h4 h5 26. Be3 Rac8 0-1

[Event "SixDays Budapest GM-B January 2024"]
[Site "Budapest"]
[Date "2024.01.27"]
[Round "1.2"]
[White "Celik, Hasan Huseyin"]
[Black "Lee, Alice"]
[Result "0-1"]
[ECO "C42"]
[WhiteElo "2436"]
[BlackElo "2379"]
[Annotator "RC"]
[PlyCount "118"]
[EventDate "2024.01.26"]
[EventType "tourn"]
[EventCountry "HUN"]
[SourceTitle "playchess.com"]
[Source "ChessBase"]
[SourceQuality "1"]
[TimeControl "5400+30"]

1. e4 e5 2. Nf3 Nf6 3. Nxe5 d6 4. Nf3 Nxe4 5. d4 d5 6. Bd3 Bf5 7. O-O Be7 8. Re1 O-O 9. Nbd2 Nd6 10. Nf1 Nd7 11. Bf4 Bxd3 12. Qxd3 Nf6 13. Ng3 Re8 14. Re2 Bf8 15. Ne5 c6 16. Rae1 Nfe4 17. Qb3 Qf6 18. Nxe4 dxe4 19. Bg3 Qe6 20. Qxe6 Rxe6 21. Nd7 Nf5 22. c3 Rae8 23. Nxf8 Kxf8 24. Bf4 h6 25. Rd1 g5 26. Bc1 Rd8 27. Red2 Ne7 28. c4 f5 29. b3 Ke8 30. Ba3 f4 31. Bb2 Kf7 32. Kf1 e3 33. fxe3 Nf5 34. Rc1 Nxe3+ 35. Kg1 Kg6 36. h3 Nf5 37. Rcd1 Re4 38. d5 Ng3 39. Bd4 cxd5 40. Bf2 d4 41. Bxg3 fxg3 42. Rd3 Re2 43. a4 Kf5 44. Rxg3 Ke4 45. Kf1 Re3 46. Rg4+ Ke5 47. h4 Rf8+ 48. Kg1 Rf4 49. Rxf4 gxf4 50. b4 d3 51. c5 Kd4 52. Kf2 Kc3 53. b5 Kc2 54. Ra1 d2 55. Ra2+ Kc3 56. Ra1 Kb2 57. Rh1 Kc2 58. g4 d1=Q 59. Rxd1 Kxd1 0-1

[Event "SixDays Budapest GM-B January 2024"]
[Site "Budapest"]
[Date "2024.01.27"]
[Round "1.3"]
[White "Pang, Tao"]
[Black "Coenen, Michael"]
[Result "1-0"]
[ECO "D53"]
[WhiteElo "2430"]
[BlackElo "2330"]
[Annotator "RC"]
[PlyCount "143"]
[EventDate "2024.01.26"]
[EventType "tourn"]
[EventCountry "HUN"]
[SourceTitle "playchess.com"]
[Source "ChessBase"]
[SourceQuality "1"]
[TimeControl "5400+30"]

1. c4 e6 2. Nc3 d5 3. d4 Nf6 4. Bg5 Be7 5. Nf3 h6 6. Bxf6 Bxf6 7. e3 O-O 8. Rc1 dxc4 9. Bxc4 c5 10. dxc5 Qa5 11. O-O Rd8 12. Qe2 Qxc5 13. Ne4 Qe7 14. Nxf6+ Qxf6 15. e4 Bd7 16. e5 Qe7 17. Rfd1 Bc6 18. Rxd8+ Qxd8 19. Rd1 Qe7 20. Nd4 a6 21. f4 Be8 22. f5 exf5 23. e6 Nc6 24. Nxc6 Bxc6 25. exf7+ Kf8 26. Qd3 Be4 27. Qd4 Rc8 28. h3 Bc2 29. Rf1 Rd8 30. Qf2 Be4 31. Bb3 Qb4 32. Rc1 Bc6 33. Qxf5 Qd4+ 34. Kh2 Qd6+ 35. Kg1 Qd4+ 36. Qf2 Qxf2+ 37. Kxf2 Rd2+ 38. Ke3 Rxg2 39. Rd1 Rg3+ 40. Kf4 Rf3+ 41. Kg4 Rf6 42. Rd8+ Ke7 43. Rg8 g5 44. Rh8 Bf3+ 45. Kg3 Bc6 46. h4 Rf3+ 47. Kg4 Rf4+ 48. Kh5 gxh4 49. Kxh6 Bd7 50. Kg5 Rg4+ 51. Kh5 Rf4 52. Rh7 Bf5 53. f8=Q+ Kxf8 54. Rf7+ Ke8 55. Kg5 h3 56. Kxf4 h2 57. Bd5 Be6 58. Rh7 Bxd5 59. Rxh2 Bxa2 60. Rd2 Ke7 61. Ke5 Bb1 62. Rd6 Be4 63. Rh6 Bd3 64. Rb6 Be2 65. Rxb7+ Kd8 66. Kd6 Kc8 67. Re7 Bf1 68. Kc6 Bb5+ 69. Kb6 Kb8 70. Rg7 Kc8 71. Rg8+ Kd7 72. Ra8 1-0

[Event "SixDays Budapest GM-B January 2024"]
[Site "Budapest"]
[Date "2024.01.27"]
[Round "1.4"]
[White "Dau Khuong Duy"]
[Black "Gombocz, Ferenc Jr."]
[Result "1/2-1/2"]
[ECO "C72"]
[WhiteElo "2309"]
[BlackElo "2366"]
[Annotator "RC"]
[PlyCount "49"]
[EventDate "2024.01.26"]
[EventType "tourn"]
[EventCountry "HUN"]
[SourceTitle "playchess.com"]
[Source "ChessBase"]
[SourceQuality "1"]
[TimeControl "5400+30"]

1. e4 e5 2. Nf3 Nc6 3. Bb5 a6 4. Ba4 d6 5. O-O Bd7 6. d4 b5 7. Bb3 Nxd4 8. Nxd4 exd4 9. c3 d3 10. Qxd3 Be6 11. Bxe6 fxe6 12. a4 c6 13. Nd2 Nf6 14. axb5 axb5 15. Rxa8 Qxa8 16. e5 dxe5 17. Qh3 Qc8 18. Nf3 Bd6 19. Rd1 Bb8 20. Ng5 O-O 21. Qxe6+ Qxe6 22. Nxe6 Rc8 23. Rd8+ Rxd8 24. Nxd8 c5 25. Be3 1/2-1/2

[Event "SixDays Budapest GM-B January 2024"]
[Site "Budapest"]
[Date "2024.01.27"]
[Round "1.5"]
[White "Pap, Misa"]
[Black "Kaczur, Florian"]
[Result "1/2-1/2"]
[ECO "B15"]
[WhiteElo "2422"]
[BlackElo "2506"]
[Annotator "RC"]
[PlyCount "21"]
[EventDate "2024.01.26"]
[EventType "tourn"]
[EventCountry "HUN"]
[SourceTitle "playchess.com"]
[Source "ChessBase"]
[SourceQuality "1"]
[TimeControl "5400+30"]

1. e4 c6 2. d4 d5 3. Nd2 dxe4 4. Nxe4 Nf6 5. Nxf6+ exf6 6. c3 Bd6 7. Bd3 O-O 8. Qc2 Re8+ 9. Ne2 h6 10. O-O Nd7 11. Bf4 1/2-1/2

[Event "SixDays Budapest GM-B January 2024"]
[Site "Budapest"]
[Date "2024.01.28"]
[Round "2.1"]
[White "Grover, Sahaj"]
[Black "Kaczur, Florian"]
[Result "0-1"]
[ECO "C77"]
[WhiteElo "2503"]
[BlackElo "2506"]
[Annotator "RC"]
[PlyCount "116"]
[EventDate "2024.01.26"]
[EventType "tourn"]
[EventCountry "HUN"]
[SourceTitle "playchess.com"]
[Source "ChessBase"]
[SourceQuality "1"]
[TimeControl "5400+30"]

1. e4 e5 2. Nf3 Nc6 3. Bb5 a6 4. Ba4 Nf6 5. d3 d6 6. c3 g6 7. O-O Bg7 8. Re1 O-O 9. Nbd2 b5 10. Bc2 Bb7 11. a4 Nb8 12. b4 Nbd7 13. Nb3 c6 14. d4 Qc7 15. dxe5 dxe5 16. Be3 Ng4 17. Bc5 Nxc5 18. Nxc5 Nf6 19. Bb3 Rad8 20. Qc1 Bc8 21. axb5 axb5 22. Qe3 Nd7 23. h3 Bf6 24. Red1 Nb6 25. Ng5 Qe7 26. h4 Nc4 27. Bxc4 bxc4 28. Rxd8 Rxd8 29. g3 Bg4 30. Kg2 h6 31. Nf3 Kh7 32. Qe2 Kg7 33. Qxc4 Bxf3+ 34. Kxf3 Bxh4 35. gxh4 Qxh4 36. Nd3 Rd6 37. Rg1 Qh2 38. Rg3 h5 39. Ke2 Rf6 40. Qc5 h4 41. Rf3 Rxf3 42. Kxf3 Qh1+ 43. Ke3 h3 44. Qxe5+ Kf8 45. Qh8+ Ke7 46. Qe5+ Kf8 47. Qh8+ Ke7 48. e5 h2 49. Qf6+ Ke8 50. e6 fxe6 51. Ne5 Qe1+ 52. Kd4 Qd1+ 53. Ke3 h1=Q 54. Qxe6+ Kd8 55. Qf6+ Kc8 56. Qe6+ Kb7 57. Qf7+ Kb6 58. Nc4+ Kb5 0-1

[Event "SixDays Budapest GM-B January 2024"]
[Site "Budapest"]
[Date "2024.01.28"]
[Round "2.2"]
[White "Gombocz, Ferenc Jr."]
[Black "Pap, Misa"]
[Result "1-0"]
[ECO "A47"]
[WhiteElo "2366"]
[BlackElo "2422"]
[Annotator "TA"]
[PlyCount "105"]
[EventDate "2024.01.26"]
[EventType "tourn"]
[EventCountry "HUN"]
[SourceTitle "playchess.com"]
[Source "ChessBase"]
[SourceQuality "1"]
[TimeControl "5400+30"]

1. d4 Nf6 2. Nf3 b6 3. Bf4 Bb7 4. e3 Nh5 5. Bg5 h6 6. Bh4 g5 7. Nfd2 Nf4 8. exf4 {[%emt 0:00:15] The position is equal.} gxh4 9. Qh5 e6 10. Nf3 c5 11. Nc3 (11. Nbd2 $11) 11... cxd4 $15 12. Nxd4 Nc6 {[%emt 0:12:23] Against Qe5} 13. Nf3 (13. Nxc6 $11 Bxc6 14. Bb5) 13... Bg7 (13... Bb4 $1 $15 14. Qxh4 Ne7) 14. Nb5 $11 d5 15. Ne5 $132 {[%emt 0:00:45][%csl Ge5][%cal Rh5f7][%mdl 2048] [#] White is not holding back} O-O 16. Ng4 $1 {[%emt 0:00:51] Excellent horsemanship.} a6 (16... Bxb2 17. Rb1 Bd4 18. Nxd4 (18. Nxh6+ Kg7 $14) 18... Nxd4 19. Bd3 $18 (19. Nxh6+ Kg7 $14)) 17. Nxh6+ Bxh6 18. Qxh6 {[%emt 0:00:07][%cal Og2g3] g3! would now be deadly.} Nb4 $2 {[%emt 0:01:33][%mdl 8192] White leaves nothing to chance now.} (18... axb5 $11 19. Bd3 f5 20. Qg6+ Kh8 21. Qh6+ Kg8 22. Qg6+ Kh8 23. Qh6+ Kg8) 19. Nd4 $18 Qe7 20. a3 Nc6 21. Bd3 {[%emt 0:00:42][%csl Gd3][%cal Rh6h7] [#]} f6 $2 (21... f5) 22. Qg6+ Kh8 23. Qh5+ Kg8 24. Qg4+ Kh8 25. Qxh4+ Kg8 26. Qg4+ Kh8 27. Nxe6 Bc8 28. Qh5+ Kg8 29. Qg6+ ({Not} 29. Qxd5 Bxe6 30. Qe4 Bd5 31. Qxe7 Nxe7 $14) 29... Kh8 30. Qh6+ Kg8 31. Qxf8+ Qxf8 32. Nxf8 Kxf8 33. O-O-O b5 34. h4 Kg7 35. h5 Kh6 36. Be2 Be6 37. Bf3 Rd8 38. g4 b4 39. axb4 Nxb4 40. c3 Nc6 41. Rdg1 Rf8 42. g5+ fxg5 43. fxg5+ Kh7 44. g6+ Kh6 45. g7 Rxf3 46. Rg6+ {[%emt 0:00:04] White mates.} Kh7 47. Rxe6 {[%emt 0:00:06] KRR-KRN} Na5 48. Rg6 Kg8 49. h6 Nb3+ 50. Kc2 Nd4+ 51. cxd4 Rxf2+ 52. Kb1 Rf1+ 53. Rxf1 {[%emt 0:00:05] Weighted Error Value: White=0.19 (very precise) /Black=0.44.  Loses game:     	---       	Black=1      Mistake:       	White=2     	Black=2      Inaccurate:     	White=1     	Black=2      OK:         	White=6     	Black=6      Best:        	White=3     	Black=4      Strong:       	White=1     	---} 1-0

[Event "SixDays Budapest GM-B January 2024"]
[Site "Budapest"]
[Date "2024.01.28"]
[Round "2.3"]
[White "Coenen, Michael"]
[Black "Dau Khuong Duy"]
[Result "1-0"]
[ECO "E92"]
[WhiteElo "2330"]
[BlackElo "2309"]
[Annotator "TA"]
[PlyCount "81"]
[EventDate "2024.01.26"]
[EventType "tourn"]
[EventCountry "HUN"]
[SourceTitle "playchess.com"]
[Source "ChessBase"]
[SourceQuality "1"]
[TimeControl "5400+30"]

1. d4 Nf6 2. c4 g6 3. Nc3 Bg7 4. e4 d6 5. Be2 O-O 6. Nf3 e5 7. d5 a5 8. Be3 Ng4 9. Bg5 f6 10. Bh4 Nh6 11. Nd2 g5 12. Bg3 f5 13. h3 {[%emt 0:01:13] White is slightly better.} Na6 14. f3 Bd7 15. a3 Nf7 16. Rb1 c5 (16... Nc5 $14 {feels stronger.}) 17. Bf2 {[%emt 0:19:09] And now exf5 would win.} h5 $2 ({Black should play} 17... f4 $14) 18. exf5 $18 Bxf5 19. Nde4 h4 20. Be3 Nc7 21. Qd2 Bf6 22. Bd3 Bd7 23. Nxf6+ Qxf6 24. Ne4 Qg7 25. Nxg5 (25. O-O $18 {has better winning chances.}) 25... Nxg5 $16 26. Bxg5 Bf5 {[%emt 0:01:44] [#] aiming for ...Bxd3.} 27. Be3 (27. Bxh4 $2 Qh7 28. Ke2 (28. Qg5+ $2 Kh8 $19) 28... Qxh4 $19) 27... e4 $2 28. fxe4 $18 Bd7 29. Bf4 {[%emt 0:04:28] Wards off Qg3+. White is clearly winning.} Rf6 30. O-O ({Not} 30. e5 dxe5 31. Bg5 (31. Bxe5 $2 Re8 $19) 31... Rf7 $18) 30... Bxh3 (30... Raf8 $142 31. Kh1 (31. Qxa5 $2 {is the wrong capture.} Bxh3 32. Qd2 Rxf4 $19) (31. e5 dxe5 32. Bh2 Rxf1+ 33. Bxf1 Bxh3 $18) 31... b5) 31. Kh1 Bg4 32. Qe3 Re8 33. Rbe1 b5 34. e5 bxc4 35. Bxc4 {[%emt 0:03:09] This pair of bishops is nice.} Rf5 36. Bh2 Rxf1+ 37. Rxf1 dxe5 38. d6+ Be6 39. Qxc5 {[%emt 0:00:23][%cal Oh2e5] [#] Bxe5! would kill now.} Qg4 40. Bxe6+ Nxe6 41. d7 {[%emt 0:00:38] Weighted Error Value: White=0.33/Black=0.54.  Loses game:     	---       	Black=2      Mistake:       	White=1     	Black=2      Inaccurate:     	White=3     	Black=4      OK:         	White=9     	Black=5      Best:        	White=2     	Black=2} 1-0

[Event "SixDays Budapest GM-B January 2024"]
[Site "Budapest"]
[Date "2024.01.28"]
[Round "2.4"]
[White "Lee, Alice"]
[Black "Pang, Tao"]
[Result "1-0"]
[ECO "D37"]
[WhiteElo "2379"]
[BlackElo "2430"]
[Annotator "TA"]
[PlyCount "53"]
[EventDate "2024.01.26"]
[EventType "tourn"]
[EventCountry "HUN"]
[SourceTitle "playchess.com"]
[Source "ChessBase"]
[SourceQuality "1"]
[TimeControl "5400+30"]

1. d4 d5 2. c4 e6 3. Nf3 Nf6 4. Nc3 Be7 5. Bf4 O-O 6. e3 Nbd7 7. c5 Nh5 8. Bd3 Nxf4 9. exf4 b6 10. b4 {[%emt 0:00:54] Die Stellung ist ausgeglichen.} a5 11. a3 c6 12. O-O Ba6 13. Re1 g6 14. Ne5 Nxe5 15. fxe5 Qb8 16. Rb1 Bxd3 17. Qxd3 axb4 18. Rxb4 Rxa3 19. Rxb6 Qa8 20. Reb1 Bd8 21. R6b3 Rxb3 22. Rxb3 f6 {[%emt 0:00:11][%cal Bf7f6,Bf6e5,Be5d4][%mdl 32] Zielt auf ...fxe5 ab.} 23. Qh3 fxe5 24. Qxe6+ Kg7 {[%emt 0:00:31] Und ...Qa1+ würde nun gewinnen.} 25. g3 (25. dxe5 $2 {ist das falsche Schlagen.} Qa1+ 26. Rb1 (26. Nb1 $2 Qd4 $19) 26... Qxc3 $19) 25... exd4 26. Ne2 Re8 $2 {[%emt 0:07:17][%mdl 8192] [#]} 27. Qxe8 {[%emt 0:02:04] Gewichteter Fehlerwert: Weiß=0.08 (makellos) /Schwarz=0.33.  Verlustzug:     	---       	Schwarz=1     Ungenau:       	Weiß=2     	Schwarz=1     OK:         	Weiß=6     	Schwarz=10    Bester:       	Weiß=3     	---} 1-0

[Event "SixDays Budapest GM-B January 2024"]
[Site "Budapest"]
[Date "2024.01.28"]
[Round "2.5"]
[White "Varga, Zoltan"]
[Black "Celik, Hasan Huseyin"]
[Result "1/2-1/2"]
[ECO "A28"]
[WhiteElo "2366"]
[BlackElo "2436"]
[Annotator "RC"]
[PlyCount "76"]
[EventDate "2024.01.26"]
[EventType "tourn"]
[EventCountry "HUN"]
[SourceTitle "playchess.com"]
[Source "ChessBase"]
[SourceQuality "1"]
[TimeControl "5400+30"]

1. c4 e5 2. Nc3 Nf6 3. Nf3 Nc6 4. d4 exd4 5. Nxd4 Bb4 6. Nxc6 Bxc3+ 7. bxc3 bxc6 8. g3 O-O 9. Bg2 Re8 10. O-O Ne4 11. Be3 Qe7 12. Qb3 c5 13. Bf4 d6 14. f3 Nf6 15. Bg5 Bd7 16. Qb7 Rec8 17. e4 h6 18. Bf4 Qe6 19. Qa6 Rab8 20. Rab1 Rb6 21. Qxa7 Rxb1 22. Rxb1 Qxc4 23. Qa3 Qd3 24. Qc1 Ra8 25. Rb2 Ra4 26. Rd2 Qa6 27. e5 dxe5 28. Bxe5 Rxa2 29. Bf1 Ra1 30. Bxa6 Rxc1+ 31. Kf2 Bc6 32. Rd8+ Ne8 33. Bb7 Rc2+ 34. Ke3 Bxb7 35. Rxe8+ Kh7 36. Re7 Bd5 37. Rxc7 c4 38. g4 h5 1/2-1/2

[Event "SixDays Budapest GM-B January 2024"]
[Site "Budapest"]
[Date "2024.01.28"]
[Round "3.1"]
[White "Celik, Hasan Huseyin"]
[Black "Grover, Sahaj"]
[Result "1/2-1/2"]
[ECO "C68"]
[WhiteElo "2436"]
[BlackElo "2503"]
[Annotator "TA"]
[PlyCount "109"]
[EventDate "2024.01.26"]
[EventType "tourn"]
[EventCountry "HUN"]
[SourceTitle "playchess.com"]
[Source "ChessBase"]
[SourceQuality "1"]
[TimeControl "5400+30"]

1. e4 e5 2. Nf3 Nc6 3. Bb5 a6 4. Bxc6 dxc6 5. O-O Bg4 6. h3 h5 7. d3 Qf6 8. Nbd2 Ne7 9. Re1 Ng6 10. d4 Nf4 11. dxe5 {[%emt 0:00:06] C68: Ruy Lopez: Exchange Variation, sidelines.} Qg6 12. Nh4 Bxd1 13. Nxg6 Nxg6 14. Rxd1 O-O-O 15. e6 $1 {[%emt 0:00:06] The main line 15.e6 scores better than 15.Re1.} f6 16. Re1 Re8 17. Nf3 Bb4 18. c3 Bd6 19. Nd4 Ne5 $146 ({Predecessor:} 19... Rhg8 20. Be3 c5 21. Nf5 Rxe6 22. Rad1 Ne5 23. Rd5 b6 24. b3 g6 25. Nxd6+ cxd6 26. f3 Kc7 27. Red1 g5 28. a4 h4 29. Bf2 Rf8 30. Kf1 {½-½ Merkuriev,V (2233)-Volodarsky,Y (2376) RUS VC-4 final email 2021}) 20. Rd1 Ng6 21. f3 Nf8 22. Nf5 Bc5+ 23. Be3 Bxe3+ 24. Nxe3 h4 (24... g5 {looks sharper.} 25. Nf5 h4 26. e7 Ng6) 25. Rd2 Nxe6 26. Rad1 Re7 27. Nf5 Rf7 28. Kf2 c5 29. b3 b6 (29... g6 $5 30. Ne3 $8 Ng7 $14) 30. Ne3 Re8 31. Nf5 Rh8 32. Ne3 Re8 33. Rd5 g6 34. R5d2 b5 35. Ng4 Nf4 36. Ke3 Ne6 (36... Nh5 $11) 37. f4 (37. Rd5 $14) 37... Ree7 (37... f5 $11 38. Ne5 Rg7) 38. Rd5 c6 39. Rd6 Kc7 40. e5 fxe5 41. fxe5 Nf4 42. R1d2 Rf5 43. Ke4 Ne6 44. Ke3 Nf4 45. Ke4 Ne6 46. Ke3 g5 47. c4 bxc4 48. bxc4 Rf1 49. Ke4 Rf4+ 50. Kd3 Rf5 51. Ke4 Rf4+ 52. Kd3 Rf5 53. Kc3 Rf4 54. Kd3 Rf5 55. Ke4 1/2-1/2

[Event "SixDays Budapest GM-B January 2024"]
[Site "Budapest"]
[Date "2024.01.28"]
[Round "3.2"]
[White "Pang, Tao"]
[Black "Varga, Zoltan"]
[Result "1-0"]
[ECO "D20"]
[WhiteElo "2430"]
[BlackElo "2366"]
[Annotator "TA"]
[PlyCount "72"]
[EventDate "2024.01.26"]
[EventType "tourn"]
[EventCountry "HUN"]
[SourceTitle "playchess.com"]
[Source "ChessBase"]
[SourceQuality "1"]
[TimeControl "5400+30"]

1. d4 d5 2. c4 dxc4 3. e4 Nf6 4. e5 Nd5 5. Bxc4 Nb6 6. Bd3 Nc6 7. Ne2 Bg4 8. f3 Bh5 9. Nbc3 e6 10. Be4 {[%emt 0:01:06] White is slightly better.} Bg6 11. O-O Be7 12. Bxc6+ bxc6 13. Nf4 Bf5 14. g4 Bg6 15. Be3 Nc4 (15... O-O $11 {keeps the balance.}) 16. Bf2 O-O 17. Qe2 Nb6 18. Rfd1 Rb8 19. Be3 h6 20. Rac1 Bh7 21. Ne4 Nd5 22. b3 Rb6 (22... Bxe4 $11 23. fxe4 Nxe3 24. Qxe3 Bg5) 23. Rc4 Nxf4 24. Bxf4 Qd5 25. Nc3 Qd7 26. Na4 {[%emt 0:00:19] White is more active.} Rb5 27. Kg2 Rd8 28. Bg3 a5 29. Be1 h5 30. h3 hxg4 31. hxg4 Ba3 (31... c5 $142) 32. Qe3 Qe8 (32... Be7 $16 {might work better.}) 33. Bh4 $18 Rdb8 (33... Be7 $142) 34. Rh1 Rb4 (34... Bb4 $142 35. Qf4 f5 36. exf6 Bd6) 35. Rxb4 Bxb4 {[%emt 0:00:35] [#]} 36. Bf6 $1 {[%emt 0:03:06][%mdl 512] Qg5 would kill now.} Qf8 {Weighted Error Value: White=0.20 (precise) /Black=0.27 (precise) .  Mistake:       	---       	Black=6      Inaccurate:     	White=5     	Black=2      OK:         	White=4     	Black=6      Best:        	White=2     	Black=3} ({Much worse is} 36... gxf6 37. Qh6 fxe5 38. dxe5 $18 (38. Qxh7+ Kf8 $18)) 1-0

[Event "SixDays Budapest GM-B January 2024"]
[Site "Budapest"]
[Date "2024.01.28"]
[Round "3.3"]
[White "Dau Khuong Duy"]
[Black "Lee, Alice"]
[Result "0-1"]
[ECO "C43"]
[WhiteElo "2309"]
[BlackElo "2379"]
[Annotator "RC"]
[PlyCount "104"]
[EventDate "2024.01.26"]
[EventType "tourn"]
[EventCountry "HUN"]
[SourceTitle "playchess.com"]
[Source "ChessBase"]
[SourceQuality "1"]
[TimeControl "5400+30"]

1. e4 e5 2. Nf3 Nf6 3. d4 Nxe4 4. Bd3 d5 5. Nxe5 Nd7 6. Nxd7 Bxd7 7. O-O Bd6 8. Nc3 Nxc3 9. bxc3 O-O 10. Qh5 f5 11. Re1 c6 12. Bg5 Qc7 13. Re3 Rf7 14. Rae1 c5 15. dxc5 Qxc5 16. Qh4 h6 17. Be7 Bxe7 18. Rxe7 Qxc3 19. h3 Raf8 20. Qf4 a6 21. Qd6 Qc6 22. Qb4 b5 23. Qd4 Rxe7 24. Rxe7 Rf7 25. Re5 Be6 26. f4 Rf6 27. Kh2 g6 28. Re3 Bf7 29. Re7 Qb6 30. Qb4 Qd6 31. a3 d4 32. Re5 Re6 33. Qe1 Rxe5 34. fxe5 Qxa3 35. Qh4 Qc5 36. Qd8+ Kh7 37. Qf6 Qd5 38. Qe7 Qe6 39. Qc5 Qd5 40. Qe7 Kg8 41. Qc7 a5 42. Qb8+ Kg7 43. Bxb5 Qc5 44. Bd7 Qe7 45. Bc6 h5 46. Kh1 h4 47. Kh2 g5 48. Kh1 g4 49. hxg4 fxg4 50. Qc8 Qg5 51. Qd7 Qc1+ 52. Kh2 Qf4+ 0-1

[Event "SixDays Budapest GM-B January 2024"]
[Site "Budapest"]
[Date "2024.01.28"]
[Round "3.4"]
[White "Pap, Misa"]
[Black "Coenen, Michael"]
[Result "0-1"]
[ECO "C48"]
[WhiteElo "2422"]
[BlackElo "2330"]
[Annotator "TA"]
[PlyCount "88"]
[EventDate "2024.01.26"]
[EventType "tourn"]
[EventCountry "HUN"]
[SourceTitle "playchess.com"]
[Source "ChessBase"]
[SourceQuality "1"]
[TimeControl "5400+30"]

1. e4 e5 2. Nf3 Nf6 3. Nc3 Nc6 4. Bb5 Nd4 5. Bc4 Bc5 6. d3 d6 7. h3 {[%emt 0:08:44] Prevents Bg4} Be6 8. Nxd4 Bxd4 9. Bb3 {[%emt 0:01:47] The position is equal.} Qe7 10. Qf3 h6 11. Ne2 Bb6 12. g4 Nd7 13. Ba4 (13. Be3 $11) 13... O-O-O $15 14. c3 (14. Bb3 $15) 14... Rdf8 {[%emt 0:04:59] Black is more active.} (14... d5 $142 15. Bc2 (15. exd5 $2 Nc5 $19) 15... dxe4 16. dxe4 Kb8) 15. Be3 h5 16. g5 (16. O-O-O $17 {was called for.}) 16... f5 {[%emt 0:02:24] ...fxe4 would now be deadly.} 17. gxf6 Rxf6 18. Qg3 (18. Qg2 $142) 18... h4 $19 19. Qg5 Qf7 {[%emt 0:00:30] White must now prevent ...Rg6.} 20. Rg1 Rh7 (20... Bxa2 $2 21. Bxd7+ (21. Qxg7 Rh7 $11) (21. Rxa2 Bxe3 22. Bxd7+ Kxd7 $11) 21... Kxd7 22. Bxb6 (22. Qxg7 $2 Bxe3 23. Qxf7+ Bxf7 $17) 22... axb6 23. Rxa2 $18 (23. Qxg7 Rh7 $11)) (20... Bxh3 21. d4 $19) 21. d4 Bxh3 22. f4 exd4 23. cxd4 {[%emt 0:02:46] [#]} (23. Bxd4 $17 Be6 24. f5) 23... Qc4 (23... c6 $1 $19 {is more deadly. Strongly threatening ...Qe8.} 24. Rc1 Be6 (24... Qxa2 $2 25. Bc2 $19)) 24. Bb5 $2 {[%emt 0:06:51][%mdl 8192] White does not recover from this.} (24. Qb5 $17 Be6 25. Qxc4 Bxc4 26. Bc2) 24... Qc2 ({Weaker is} 24... Qb4+ 25. Kf2 $19) 25. Nc3 Nf8 (25... Qxb2 $142 26. Rc1 Kb8 (26... Bxd4 $2 27. Nd1 $17)) 26. f5 $2 (26. Rc1 Qxb2 27. Kd1 (27. f5 $2 Ba5 $19)) 26... Qxb2 27. Rc1 Ba5 $1 28. Bd2 {[%emt 0:00:27] Threatens to win with Bd3.} Bxc3 29. Rxc3 Qxb5 30. Rxh3 Qb1+ 31. Ke2 Qxe4+ 32. Re3 Qxf5 33. Qxf5+ Rxf5 34. Re7 {[%emt 0:00:11] [#]} g5 $1 35. Re4 (35. Re3 Kd7) 35... h3 36. Bxg5 {[%emt 0:00:14] [#]} Rxg5 $1 37. Rxg5 {[%emt 0:00:06][%mdl 4096] Endgame. KRR-KRN} (37. Rh1 Ng6) 37... h2 {[%emt 0:00:03] Black mates.} 38. Rg8 h1=Q 39. Rxf8+ Kd7 40. Ref4 Re7+ 41. Kd3 Qb1+ 42. Kd2 Qe1+ 43. Kd3 Re3+ 44. Kc2 Qc3+ {[%emt 0:00:06] Weighted Error Value: White=0.59/Black=0.23 (precise) .  Loses game:     	White=1     	---        Mistake:       	White=6     	Black=3      Inaccurate:     	White=1     	Black=1      OK:         	White=8     	Black=10     Best:        	---       	Black=4} 0-1

[Event "SixDays Budapest GM-B January 2024"]
[Site "Budapest"]
[Date "2024.01.28"]
[Round "3.5"]
[White "Kaczur, Florian"]
[Black "Gombocz, Ferenc Jr."]
[Result "1/2-1/2"]
[ECO "A06"]
[WhiteElo "2506"]
[BlackElo "2366"]
[Annotator "RC"]
[PlyCount "88"]
[EventDate "2024.01.26"]
[EventType "tourn"]
[EventCountry "HUN"]
[SourceTitle "playchess.com"]
[Source "ChessBase"]
[SourceQuality "1"]
[TimeControl "5400+30"]

1. Nf3 d5 2. g3 Bg4 3. Bg2 Nd7 4. h3 Bh5 5. O-O Ngf6 6. d3 e5 7. c4 dxc4 8. dxc4 c6 9. b3 Bc5 10. Bb2 Qe7 11. Qc1 O-O 12. Nc3 Rfe8 13. Nh4 Bg6 14. Nxg6 hxg6 15. e3 Bd6 16. Rd1 Rad8 17. a3 a5 18. Qc2 Bc7 19. Bf1 Nh7 20. Kg2 f5 21. Rd2 Nc5 22. Rxd8 Rxd8 23. b4 Na6 24. c5 Nf6 25. Rd1 Rxd1 26. Qxd1 Qd7 27. Qb3+ Kf8 28. Bc1 Nd5 29. Bc4 axb4 30. Nxd5 cxd5 31. Bxd5 Nxc5 32. Qc4 Bd6 33. axb4 b5 34. Qh4 Ne6 35. Bb2 Kg8 36. Bxe6+ Qxe6 37. Qd8+ Kf7 38. Ba3 Qd5+ 39. Kg1 Qd1+ 40. Kh2 Qd2 41. Qd7+ Kf6 42. Qd8+ Kf7 43. Qd7+ Kf6 44. Qd8+ Kf7 1/2-1/2

[Event "SixDays Budapest GM-B January 2024"]
[Site "Budapest"]
[Date "2024.01.29"]
[Round "4.1"]
[White "Grover, Sahaj"]
[Black "Gombocz, Ferenc Jr."]
[Result "1-0"]
[ECO "C72"]
[WhiteElo "2503"]
[BlackElo "2366"]
[Annotator "RC"]
[PlyCount "59"]
[EventDate "2024.01.26"]
[EventType "tourn"]
[EventCountry "HUN"]
[SourceTitle "playchess.com"]
[Source "ChessBase"]
[SourceQuality "1"]
[TimeControl "5400+30"]

1. e4 e5 2. Nf3 Nc6 3. Bb5 a6 4. Ba4 d6 5. O-O Bd7 6. d4 exd4 7. Bxc6 Bxc6 8. Nxd4 Be7 9. Nc3 Bf6 10. Be3 Qd7 11. Nxc6 bxc6 12. Bd4 Qe6 13. Re1 Ne7 14. f4 Bxd4+ 15. Qxd4 c5 16. Qd3 O-O 17. e5 d5 18. Rad1 c4 19. Qd4 c6 20. Na4 Nf5 21. Qf2 d4 22. c3 d3 23. g4 Qg6 24. Qg2 Ne7 25. Nb6 Nd5 26. f5 Qg5 27. Nxc4 h5 28. Re4 g6 29. Rf1 Rae8 30. h4 1-0